Map: Acid Plant LE

Players

eonblu

  • Race: Zerg Zerg
  • Spawn Location: 11:00

Bly - Winner!

  • Race: Zerg Zerg
  • Spawn Location: 5:00

Event: WCS Valencia 2018

VOD

Have the link to the VOD?

Description

Time

  • Played on: July 12, 2018, 6:17 a.m.
  • Length: 8:41

All games in this series

Show
View Real Time Build Order
Export as new Build Order

eonblu Zerg 

Build Orders: Hatch First 

Get SALT Encoding   

  12  0:00  Drone  
  13  0:12  Overlord  
  13  0:18  Drone  
  14  0:30  Drone x2  
  16  0:49  Hatchery  
  15  0:51  Drone  
  15  0:55  Drone  
  17  1:05  Extractor  
  17  1:10  Spawning Pool  
  15  1:14  Drone  
  15  1:17  Drone  
  17  1:20  Drone  
  18  1:28  Drone  
  19  1:38  Overlord  
  19  1:56  Drone  
  19  1:57  Queen  
  19  2:00  Zergling x2  
  19  2:01  Queen  
  23  2:02  Zergling x2  
  23  2:07  Metabolic Boost  
  26  2:11  Drone  
  26  2:14  Drone  
  28  2:21  Drone  
  29  2:25  Drone  
  30  2:42  Hatchery  
  29  2:46  Baneling Nest  
  29  2:47  Drone x2  
  30  2:55  Overlord  
  30  2:56  Drone  
  30  2:58  Drone, Evolution Chamber  
  33  3:00  Drone  
  33  3:04  Drone  
  34  3:06  Drone  
  34  3:09  Drone  
  36  3:13  Drone x2  
  36  3:16  Drone  
  36  3:17  Drone  
  40  3:20  Drone  
  40  3:23  Drone  
  41  3:27  Zerg Missile Weapons Level 1  
  41  3:29  Drone x2  
  41  3:33  Extractor  
  42  3:35  Extractor  
  42  3:40  Roach Warren  
  40  3:42  Overlord  
  40  3:43  Overlord  
  40  3:48  Drone x2  
  40  3:51  Drone  
  40  3:52  Drone  
  40  3:55  Drone  
  44  3:58  Lair  
  44  3:59  Drone  
  45  4:07  Drone x3  
  48  4:12  Drone x3  
  48  4:15  Drone  
  48  4:16  Drone  
  53  4:19  Overlord  
  53  4:24  Unknown  
  55  4:38  Roach  
  55  4:39  Roach x8  
  55  4:44  Roach  
  73  4:53  Overlord x3  
  73  4:54  Glial Reconstitution  
  73  5:02  Overlord x2  
  73  5:11  Queen  
  75  5:18  Roach  
  75  5:19  Roach x7  
  91  5:22  Zerg Missile Weapons Level 2  
  91  5:23  Overlord  
  91  5:27  Roach  
  93  5:39  Spore Crawler x2  
  93  5:40  Spore Crawler  
  93  5:41  Spore Crawler x2, Drone  
  93  5:42  Spore Crawler, Drone x3  
  92  5:45  Drone  
  92  5:46  Drone  
  93  5:50  Drone x2  
  93  5:51  Drone  
  93  5:52  Drone  
  93  5:54  Drone  
  98  5:57  Unknown  
  98  6:03  Overlord  
  98  6:12  Hydralisk Den  
  98  6:21  Hydralisk Den  
  97  6:27  Drone  
  98  6:42  Overlord x4  
  90  6:49  Overlord x3  
  74  7:01  Hydralisk  
  74  7:02  Hydralisk x9  
  74  7:06  Grooved Spines  
  74  7:08  Pneumatized Carapace  
  80  7:11  Extractor  
  80  7:12  Extractor  
  80  7:14  Hydralisk  
  80  7:17  Spore Crawler  
  80  7:20  Drone  
  80  7:21  Spore Crawler, Drone x7  
  80  7:22  Spore Crawler, Drone  
  86  7:23  Drone x3  
  86  7:27  Drone  
  90  7:31  Drone  
  82  7:39  Hydralisk  
  82  7:53  Overlord  
  82  7:54  Overlord x2  
  77  8:02  Hydralisk x3  
  75  8:10  Hydralisk x2  
  73  8:14  Zergling x2  
  73  8:15  Zergling x22  
Show
View Real Time Build Order
Export as new Build Order

Bly Zerg - Winner!

Build Orders: Hatch First 

Get SALT Encoding   

  12  0:02  Drone  
  13  0:13  Overlord  
  13  0:17  Drone  
  14  0:31  Drone  
  14  0:32  Drone  
  16  0:36  Drone  
  17  0:52  Hatchery  
  17  0:54  Drone  
  17  0:58  Drone  
  18  1:05  Extractor  
  17  1:13  Spawning Pool  
  17  1:16  Drone  
  17  1:20  Drone  
  18  1:28  Drone  
  19  1:39  Overlord  
  19  1:59  Queen  
  21  2:01  Zergling x2  
  21  2:04  Queen  
  21  2:07  Drone x2  
  26  2:12  Drone  
  26  2:14  Drone  
  28  2:24  Drone  
  28  2:27  Drone  
  30  2:34  Drone  
  30  2:36  Overlord  
  31  2:39  Queen  
  33  2:46  Lair  
  33  2:47  Drone x2  
  35  2:55  Drone  
  36  2:58  Roach Warren  
  36  2:59  Drone, Evolution Chamber  
  36  3:04  Drone  
  36  3:08  Drone x3  
  39  3:13  Drone x2  
  39  3:19  Overlord  
  41  3:23  Extractor  
  41  3:24  Extractor  
  41  3:26  Drone x2  
  40  3:33  Evolution Chamber  
  39  3:37  Drone x3  
  39  3:40  Extractor, Drone  
  42  3:42  Drone  
  42  3:45  Drone x2  
  45  3:49  Spire  
  45  3:53  Drone x2  
  47  3:55  Drone  
  47  3:59  Drone  
  47  4:01  Zerg Missile Weapons Level 1  
  48  4:06  Drone  
  48  4:07  Drone x2  
  48  4:09  Overseer  
  51  4:13  Overlord  
  51  4:15  Glial Reconstitution  
  51  4:20  Overlord  
  51  4:33  Extractor  
  51  4:36  Roach x3  
  51  4:37  Overlord  
  56  4:44  Overlord  
  56  4:50  Extractor  
  57  5:02  Mutalisk x4  
  57  5:06  Roach x2  
  69  5:17  Hatchery  
  69  5:19  Overlord  
  68  5:30  Mutalisk x2  
  68  5:33  Drone x6  
  78  5:39  Mutalisk  
  78  5:40  Mutalisk  
  82  5:51  Mutalisk  
  84  6:01  Mutalisk  
  84  6:04  Drone x6  
  92  6:10  Overlord  
  92  6:21  Hatchery  
  92  6:25  Evolution Chamber x2  
  89  6:32  Evolution Chamber  
  86  6:33  Mutalisk x2  
  91  6:43  Evolution Chamber  
  87  6:48  Roach x2  
  87  6:49  Overlord x3  
  87  6:51  Overlord  
  90  7:05  Drone x3  
  92  7:14  Mutalisk x3  
  98  7:16  Extractor  
  98  7:21  Roach x2  
  101  7:23  Roach  
  101  7:25  Hatchery  
  101  7:28  Roach x2  
  106  7:45  Roach  
  106  7:46  Roach x7  
  122  7:55  Roach  
  122  7:56  Roach x3  
  126  8:17  Roach  
  126  8:18  Overlord, Roach  
  126  8:19  Overlord  
Tags
 
Add a new tag
Caveats
  • Supply blocks, unpowered buildings, or Contaminate may cause inaccurate times.
  • Supply counts are checked every 10 seconds.